 Seeded DCSS version 0.30.0 (webtiles) character file.

Game seed: 20230504 (custom seed)

149 Kazon the Conjurer (level 5, 0/28 HPs)
             Began as a Kobold Conjurer on May 5, 2023.
             Was an Initiate of Makhleb.
             Slain by a goblin
             ... wielding a +0 dagger
             ... led by Robin
              (1 damage)
             ... on level 3 of the Dungeon.
             The game lasted 00:15:06 (2374 turns).

Kazon the Conjurer (Kobold Conjurer)                Turns: 2374, Time: 00:15:07

Health: 0/28       AC:  5    Str: 12    XL:     5   Next: 56%
Magic:  9/9        EV: 14    Int: 19    God:    Makhleb [......]
Gold:   70         SH:  0    Dex: 12    Spells: 5/9 levels left

rFire   . . .        l - +0 dagger (venom)
rCold   . . .        h - orb {mayhem}
rNeg    . . .        k - +1 leather armour of the Original Sin {rElec Will- Str+6 Dex-2}
rPois   .            (no helmet)
rElec   +            (no cloak)
rCorr   .            o - +0 pair of gloves
SInv    .            (no boots)
Will    .....        (no amulet)
Stlth   +++          (no ring)
HPRegen 0.24/turn    (no ring)
MPRegen 0.11/turn

%: mayhem
@: invisible
A: small, no large weapons, nightstalker 3
a: Renounce Religion


You were on level 3 of the Dungeon.
You worshipped Makhleb.
Makhleb was noncommittal.
You visited 1 branch of the dungeon, and saw 3 of its levels.

You collected 70 gold pieces.

Inventory:

Hand Weapons
 e - a +1 whip of venom
 l - a +0 dagger of venom (weapon)
 w - the +3 sling of the Special Yaks {elec, rElec rN+ Dex+3 Stlth-}
   (You found it on level 3 of the Dungeon)

   Dex:       It affects your dexterity (+3).
   rElec:     It insulates you from electricity.
   rN:        It protects you from negative energy.
   Stlth:     It makes you less stealthy.
Missiles
 d - 29 stones
 f - 6 poisoned darts
Armour
 h - an orb of mayhem (worn)
 k - the +1 leather armour of the Original Sin (worn) {rElec Will- Str+6 Dex-2}
   (You found it on level 2 of the Dungeon)

   Str:       It affects your strength (+6).
   Dex:       It affects your dexterity (-2).
   rElec:     It insulates you from electricity.
   Will:      It decreases your willpower.
 o - a +0 pair of gloves (worn)
Wands
 x - a wand of paralysis (3)
Scrolls
 c - 2 scrolls of teleportation {unknown}
 j - 2 scrolls of immolation {unknown}
 m - 2 scrolls of noise {unknown}
 p - 2 scrolls of magic mapping {unknown}
 r - a scroll of identify {unknown}
 u - a scroll of fear {unknown}
Potions
 a - a potion of brilliance {unknown}
 b - a potion of magic
 g - 2 potions of degeneration {unknown}
 i - a potion of flight {unknown}
 n - a potion of attraction {unknown}
 q - a potion of might {unknown}
 s - a potion of heal wounds {unknown}
 t - 2 potions of curing {unknown}


   Skills:
 + Level 0.7 Fighting
 + Level 1.1 Maces & Flails
 + Level 1.5 Throwing
 + Level 0.5 Armour
 + Level 3.2 Dodging
 + Level 3.7 Stealth
 + Level 2.6 Spellcasting
 + Level 4.8 Conjurations


You had 5 spell levels left.
You knew the following spells:

 Your Spells              Type           Power      Damage    Failure   Level
a - Magic Dart            Conj           80%        1d7       2%          1
b - Searing Ray           Conj           40%        2d5       4%          2
c - Necrotise             Necr           8%         1d4       19%         1

Your spell library contained the following spells:

 Spells                   Type           Power      Damage    Failure   Level
 Dazzling Flash           Conj/Hex       22%        N/A       22%         3
 Vampiric Draining        Necr           2%         2d6       50%         3
 Volatile Blastmotes      Fire/Tloc      4%         2d10      52%         3
 Fulminant Prism          Conj/Hex       5%         3d7       58%         4
 Iskenderun's Mystic Bla  Conj/Tloc      11%        2d4       58%         4
 Agony                    Necr           2%         N/A       99%         5
 Lee's Rapid Deconstruct  Erth           1%         3d4*      99%         5


Dungeon Overview and Level Annotations

Branches:
Dungeon (3/15)

Altars:
Makhleb
Qazlal
Sif Muna
The Shining One

Shops:
D:3 :

Annotations:
D:3 1 runed translucent door, Robin


Innate Abilities, Weirdness & Mutations

You are small and have problems with some larger weapons.
You are completely attuned to the shadows.


Message History

You barely miss the goblin. The goblin hits you but does no damage.
The goblin completely misses you.
Robin roars a battlecry!
The goblins go into a battle-frenzy!
Unknown command.
You hit the goblin.
The goblin is poisoned.
The goblin is heavily wounded.
The goblin barely misses you.
The goblin hits you but does no damage. x2
You closely miss the goblin. The goblin hits you but does no damage.
The goblin hits you with a +0 dagger. The goblin closely misses you.
Unknown command.
You closely miss the goblin.
You kill the goblin!
Makhleb accepts your kill. The goblin hits you but does no damage.
The goblin misses you.
Unknown command.
You miss the goblin. The goblin hits you with a +0 dagger.
* * * LOW HITPOINT WARNING * * *
The goblin closely misses you. The goblin completely misses you.
Unknown command.
You closely miss the goblin.
The goblin hits you but does no damage. x2
The goblin hits you with a +0 club.
* * * LOW HITPOINT WARNING * * *
Unknown command.
You hit the goblin but do no damage. The goblin barely misses you.
The goblin misses you. The goblin hits you with a +0 club.
* * * LOW HITPOINT WARNING * * *
Okay, then.
Unknown command.
It was a potion of invisibility.
You fade into invisibility!
The goblin closely misses you. The goblin misses you.
The goblin barely misses you.
You hit the goblin.
You kill the goblin!
Makhleb accepts your kill.
Unknown command.
You barely miss the goblin. The goblin hits you but does no damage.
The goblin hits you with a +0 dagger.
You die...

########## .
#@ggg....# ..
#gg......#
..)##.....)..########
.gg.'.>.............#
..g##...............#
.. #...............#
. #...............#
##'######.......#
############
####.######.......#


You could see Robin (unable to see you) and 4 goblins.

Vanquished Creatures
  Jessica (D:2)
  Ijyb (D:3)
  An orc wizard (D:2)
  An adder (D:3)
  2 dart slugs
  2 orcs (D:3)
  4 ball pythons
  6 endoplasms
  2 giant cockroaches
  10 goblins
  3 hobgoblins
  4 jackals (D:2)
  A quokka (D:2)
  A bat (D:3)
  A frilled lizard (D:1)
  5 kobolds
  3 rats
48 creatures vanquished.

Vanquished Creatures (collateral kills)
  2 orcs (D:3)
  A goblin (D:3)
3 creatures vanquished.

Vanquished Creatures (others)
  A goblin (D:3)
1 creature vanquished.

Grand Total: 52 creatures vanquished

Notes
Turn   | Place    | Note
-------+----------+-------------------------------------------
     0 | D:1      | Kazon the Kobold Conjurer began the quest for the Orb.
     0 | D:1      | Reached XP level 1. HP: 10/10 MP: 3/3
   455 | D:1      | Reached XP level 2. HP: 15/15 MP: 1/5
   600 | D:1      | Learned a level 2 spell: Searing Ray
   602 | D:1      | Learned a level 1 spell: Necrotise
  1116 | D:1      | Reached XP level 3. HP: 19/19 MP: 6/6
  1313 | D:2      | Identified the +1 leather armour of the Original Sin {rElec
                  | Will- Str+6 Dex-2}
  1407 | D:2      | Found a faded altar of an unknown god.
  1570 | D:2      | Noticed Jessica
  1575 | D:2      | Killed Jessica
  1576 | D:2      | Reached XP level 4. HP: 24/24 MP: 7/7
  1583 | D:2      | Reached skill level 1 in Throwing
  1856 | D:3      | Reached XP level 5. HP: 21/28 MP: 8/8
  1859 | D:3      | Reached skill level 1 in Maces & Flails
  2022 | D:3      | Found a burning altar of Makhleb.
  2022 | D:3      | Found a stormy altar of Qazlal.
  2022 | D:3      | Found a shimmering blue altar of Sif Muna.
  2023 | D:3      | Found a glowing golden altar of the Shining One.
  2047 | D:3      | Became a worshipper of Makhleb the Destroyer
  2097 | D:3      | Found Dojafiss's Vocational Training.
  2136 | D:3      | Identified the +3 sling of the Special Yaks {elec, rElec
                  | rN+ Dex+3 Stlth-}
  2148 | D:3      | Found a runed translucent door.
  2271 | D:3      | Noticed Ijyb
  2280 | D:3      | Paralysed by Ijyb for 3 turns
  2286 | D:3      | Paralysed by Ijyb for 2 turns
  2290 | D:3      | Killed Ijyb
  2342 | D:3      | Noticed Robin
  2371 | D:3      | HP: 1/28 [goblin/+0 club[Robin] (3)]
  2374 | D:3      | Slain by a goblin

Illustrated notes

Levels and vault maps discovered:
D:1:      sevenhm_arrival_forest_fort_small_6, layout_basic
D:2:      layout_basic, hellmonk_ecumenical_altar_prayer_group,
          kennysheep_jessica_study
D:3:      layout_basic, chequers_temple_overflow_statue_of_worship,
          mainiacjoe_overflow_small_starburst, nicolae_shop_vocational,
          uniq_crazy_yiuf_cottage, uniq_robin, uniq_ijyb

Skill      XL: |  1  2  3  4  5 |
---------------+----------------+-----
Stealth        | 3 |  3.7
Throwing       | 1 |  1.5
Maces & Flails | 1 |  1.1
Dodging        | 3 |  3.2
Fighting       | |  0.7
Armour         | |  0.5
Spellcasting   | |  2.6
Conjurations   | |  4.8

Action                     |  1- 3 |  4- 6 || total
---------------------------+-------+-------++-------
  Melee: Whip              |    39 |    72 ||   111
         Punch             |     1 |       ||     1
         Dagger            |       |    27 ||    27
   Fire: Sling             |       |     1 ||     1
  Throw: Stone             |     1 |       ||     1
   Cast: Magic Dart        |    22 |     5 ||    27
         Searing Ray       |     1 |     1 ||     2
         Necrotise         |       |     3 ||     3
    Use: Potion            |       |     1 ||     1
   Stab: Sleeping          |     5 |     3 ||     8
 Armour: Robe              |     2 |       ||     2
         Leather armour    |     1 |    36 ||    37
  Dodge: Dodged            |    25 |   104 ||   129
